 Dungeon Crawl Stone Soup version 0.28-a0-1395-g4f6bc678fa (webtiles) character file.

Game seed: 5320750008270728185

33 HallandMoats the Skirmisher (level 3, -1/29 HPs)
             Began as a Demonspawn Monk on Jan 5, 2022.
             Was a Believer of Cheibriados.
             Succumbed to a gnoll's poison
             ... on level 2 of the Dungeon.
             The game lasted 00:02:06 (1296 turns).

HallandMoats the Skirmisher (Demonspawn Monk)       Turns: 1296, Time: 00:02:06

Health: -1/29      AC:  4    Str: 19    XL:     3   Next: 12%
Magic:  3/3        EV: 13    Int: 17    God:    Cheibriados [**....]
Gold:   20         SH:  0    Dex: 21    Spells: 2/2 levels left

rFire   . . .      SeeInvis .   f - +3 hand axe
rCold   . . .      Faith    .   (no shield)
rNeg    . . .      Spirit   .   b - +0 robe
rPois   .          Reflect  .   (no helmet)
rElec   .          Harm     .   (no cloak)
rCorr   .          Rampage  .   (no gloves)
Will    .....                   (no boots)
Stlth   ++........              (no amulet)
HPRegen 0.09/turn               (no ring)
MPRegen 0.08/turn               (no ring)

@: lethally poisoned (-1 -> -13), attractive, very slow
A: yellow scales 1
a: Renounce Religion, Bend Time


You were on level 2 of the Dungeon.
You worshipped Cheibriados.
Cheibriados was pleased with you.
You visited 1 branch of the dungeon, and saw 2 of its levels.

You collected 20 gold pieces.

Inventory:

Hand Weapons
 a - a +0 falchion
 f - a +3 hand axe (weapon)
Armour
 b - a +0 robe (worn)
Jewellery
 g - an amulet of reflection
Scrolls
 d - a scroll of identify {unknown}
 e - a scroll of summoning {unknown}


   Skills:
 + Level 3.3 Fighting
 - Level 3.0 Long Blades
 * Level 0.7 Axes
 + Level 0.8 Armour
 + Level 2.9 Dodging
 - Level 1.7 Stealth


You had 2 spell levels left.
You didn't know any spells.
Your spell library contained the following spells:

 Spells                   Type           Power      Damage    Failure   Level
 Blink                    Tloc           0%         N/A       34%         2
 Manifold Assault         Tloc           0%         N/A       100%        5
 Storm Form               Tmut/Air       0%         N/A       100%        7


Dungeon Overview and Level Annotations

Branches:
Dungeon (2/15)

Altars:
Cheibriados


Innate Abilities, Weirdness & Mutations

You are partially covered in yellow scales. (AC +2)


Message History

You see here a -3 spear.
You cannot tell which god this altar belongs to.
Convert to them anyway?
Cheibriados accepts your prayer! Cheibriados welcomes you!
You can now bend time to slow others.
Cheibriados raises the support of your attributes as your movement slows. x3
Cheibriados begins to support your attributes as your movement slows.
Cheibriados is now slowing the effects of poison on you.
Cheibriados raises the support of your attributes as your movement slows. x2
A gnoll comes into view. It is wielding a +2 spear of venom.
Found 9 sling bullets.
A gnoll is nearby!
A gnoll is nearby!
A gnoll is nearby!
A gnoll is nearby!
A gnoll comes into view.
It is wielding a +0 whip. 2 gnolls come into view.
The gnoll shouts!
The gnoll hits you with a +2 spear of venom.
You are poisoned.
The gnoll hits you with a +2 spear of venom.
You are lethally poisoned!
The gnoll shouts!
You hit the gnoll.
The gnoll is moderately wounded.
You feel very sick. The gnoll closely misses you.
You slash the gnoll!
The gnoll is almost dead.
You feel very sick.
The gnoll hits you with a +2 spear of venom!
* * * LOW HITPOINT WARNING * * *
It was a potion of curing.
You feel better.
The gnoll hits you with a +2 spear of venom!
* * * LOW HITPOINT WARNING * * *
You are lethally poisoned!
Unknown command.
It was a potion of attraction.
You feel attractive to monsters.
You die...

.............# #.##.#
.............######..#.#
.............+.........#
.............#######...#
.#########.#....._.....#
## #.#.#.<#.#....#
#.#.####.##...#
#.#...........#
.......@..)...#
......g....#..#
......g....#..#
.......g...#.>..
.....(g....# .
...........#
...........#
...........#


You could see 4 gnolls.

Vanquished Creatures
  2 dart slugs (D:1)
  2 ball pythons (D:1)
  2 endoplasms (D:1)
  A goblin (D:1)
  2 hobgoblins (D:1)
  4 kobolds (D:1)
  6 bats (D:1)
  2 frilled lizards (D:1)
  5 rats
26 creatures vanquished.

Notes
Turn   | Place    | Note
-------+----------+-------------------------------------------
     0 | D:1      | HallandMoats the Demonspawn Monk began the quest for the
                  | Orb.
     0 | D:1      | Reached XP level 1. HP: 18/18 MP: 1/1
   288 | D:1      | Gained mutation: You are partially covered in yellow
                  | scales. (AC +2) [demonic ancestry]
   288 | D:1      | Reached XP level 2. HP: 24/24 MP: 2/2
   995 | D:1      | Reached XP level 3. HP: 29/29 MP: 3/3
  1273 | D:2      | Found a faded altar of an unknown god.
  1288 | D:2      | Prayed at the altar of an unknown god.
  1288 | D:2      | Became a worshipper of Cheibriados the Contemplative
  1288 | D:2      | Reached * piety under Cheibriados
  1288 | D:2      | Reached ** piety under Cheibriados
  1294 | D:2      | HP: 1/29 [gnoll (8)]
  1296 | D:2      | Succumbed to a gnoll's poison

Illustrated notes

Levels and vault maps discovered:
D:1:      elethiomel_arrival_infinity_welcomes_careful_drivers, layout_basic,
          chequers_mini_garden, kennysheep_boxes
D:2:      layout_basic, ebering_ecumenical_altar_rust, uniq_sigmund

Skill      XL: |  1  2 |
---------------+-------+-----
Long Blades    | 3 |  3.0
Fighting       | |  3.3
Axes           | |  0.7
Armour         | |  0.8
Dodging        | |  2.9
Stealth        | |  1.7

Action                   || total
-------------------------++-------
Melee: Falchion          ||    20
       Hand axe          ||    40
  Use: Potion            ||     2
 Stab: Sleeping          ||     3
Armor: Robe              ||    38
Dodge: Dodged            ||    74

Table legend: (Time is in decaauts)
 A = Elapsed time spent in this place.
 B = Non-inter-level travel time spent in this place.
 C = Inter-level travel time spent in this place.
 D = Time resting spent in this place.
 E = Time spent auto-exploring this place.
 F = Levels seen in this place.
 G = Mean time per level.
                   A        B        C        D        E       F      G
               +--------+--------+--------+--------+--------+-----+--------+
         Total |   1312 |   1243 |     69 |    178 |    771 |   2 |  656.0 |
       Dungeon |   1312 |   1243 |     69 |    178 |    771 |   2 |  656.0 |
               +--------+--------+--------+--------+--------+-----+--------+

Top non-repeatable levels by time:
     D:1: 1222 daAuts
     D:2: 89 daAuts
